 Dungeon Crawl Stone Soup version 0.20.0-7-g3b7b877 (webtiles) character file.

1379 Mesmaeker13 the Charmwright (level 8, -8/84 HPs)
             Began as a Human Skald on May 29, 2017.
             Was a Follower of Okawaru.
             Killed by divine providence
             ... invoked by an orc priest
              (15 damage)
             ... on level 5 of the Dungeon.
             The game lasted 00:18:26 (7479 turns).

Mesmaeker13 the Charmwright (Human Skald)           Turns: 7479, Time: 00:18:26

Health: -8/84      AC: 24    Str: 11    XL:     8   Next: 99%
Magic:  2/11       EV:  2    Int: 16    God:    Okawaru [*.....]
Gold:   384        SH:  4    Dex: 13    Spells: 2/11 levels left

rFire    . . .     SeeInvis .   s - +0 long sword
rCold    . . .     Gourm    .   (no shield)
rNeg     + + +     Faith    .   (armour currently unavailable)
rPois    +         Spirit   .   (helmet currently unavailable)
rElec    .         Reflect  +   (cloak currently unavailable)
rCorr    .         Harm     .   (gloves currently unavailable)
MR       .....     NoTele   +   (boots currently unavailable)
Stlth    ++........             i - +4 amulet of reflection
Regen    0.3/turn               v - ring of stealth
MPRegen  0.2/turn               q - ring of wizardry

@: tree-form, shrouded, hasted, very quick
A: no striking features
a: Heroism, Renounce Religion


You were on level 5 of the Dungeon.
You worshipped Okawaru.
Okawaru was aware of your devotion.
You were not hungry.
You were a tree.
You visited 2 branches of the dungeon, and saw 7 of its levels.
You also visited: Ossuary.

You collected 384 gold pieces.

Inventory:

Hand Weapons
 s - a +0 long sword (weapon)
 B - a +0 falchion of holy wrath
Missiles
 k - 5 needles of sleeping
 m - 3 tomahawks (quivered)
 u - 7 curare-tipped needles
Armour
 b - a +0 leather armour (melded)
 h - a +0 helmet (melded)
 p - a +0 ring mail
Jewellery
 i - a +4 amulet of reflection (around neck)
 n - an uncursed ring of flight
 q - a ring of wizardry (right branch)
 v - a ring of stealth (left branch)
 y - a +3 ring of protection {unknown}
Wands
 e - a wand of iceblast (0/15)
Scrolls
 f - a scroll of enchant weapon {unknown}
 l - 6 scrolls of teleportation
 o - 2 scrolls of remove curse {unknown}
 x - a scroll of enchant armour {unknown}
 G - a scroll of blinking {unknown}
Potions
 a - a potion of lignification
 j - a potion of resistance {unknown}
 r - 2 potions of heal wounds {unknown}
 w - 5 potions of agility
 z - 3 potions of mutation
 C - a potion of invisibility {unknown}
 E - a potion of haste
 F - a potion of might {unknown}
 H - a potion of berserk rage {unknown}
Books
 c - a book of Battle

   Spells                             Type                      Level
   a - Infusion                       Charms                       1
   b - Shroud of Golubria             Charms/Translocation         2
   c - Song of Slaying                Charms                       2
   d - Spectral Weapon                Hexes/Charms                 3
   e - Regeneration                   Charms/Necromancy            3
Comestibles
 d - 2 bread rations
 g - 2 meat rations
 A - a royal jelly


   Skills:
 - Level 2.0 Fighting
 + Level 5.4 Long Blades
 - Level 1.0 Armour
 + Level 5.5 Dodging
 - Level 2.0 Spellcasting
 + Level 4.2 Hexes
 + Level 6.0 Charms
 - Level 2.0 Translocations


You had 2 spell levels left.
You knew the following spells:

 Your Spells              Type           Power        Failure   Level  Hunger
a - Infusion              Chrm           ###.         1%          1    #......
b - Shroud of Golubria    Chrm/Tloc      ##........   2%          2    ###....
c - Spectral Weapon       Hex/Chrm       ###.....     3%          3    ###....
d - Regeneration          Chrm/Necr      ##........   8%          3    ###....


Dungeon Overview and Level Annotations

Branches:
Dungeon (6/15)             Temple (1/1) D:4

Altars:
Cheibriados
Dithmenos
Fedhas
Hepliaklqana
Makhleb
Nemelex Xobeh
Okawaru
Qazlal
Ru
Trog
Uskayaw
Vehumet
Xom
Zin
The Shining One

Annotations:
D:5 Edmund


Message History

Confirm with . or Enter, or press ? or * to list all spells.
You draw out your weapon's spirit!
The orc priest invokes the aid of Beogh against you.
Beogh smites you!
* * * LOW HITPOINT WARNING * * *
Your shroud bends something's attack away.
Okay, then.
Casting: Spectral Weapon
Confirm with . or Enter, or press ? or * to list all spells.
You don't have enough magic to cast that spell.
It was a potion of lignification.
You turn into a tree.
Your +0 helmet melds into your body.
Your +0 leather armour melds into your body.
Your roots penetrate the ground.
The orc priest hits you but does no damage.
Something hits you but does no damage.
It was a potion of haste.
You feel yourself speed up.
The orc priest mumbles some strange prayers to Beogh against you.
Beogh smites you!
You die...

##.#[....# #.5.# #.#
#.#.##### #.#.# ##.#
#.#.## #.#.# #...
##....######## #.#.#
#####... #............#
#.#.# #.......
##....######.# #.#.#
#.###### #..#.######.#
#.#.# ##.##
#.###.......###.#.# ♣..P♣
#..#..........(♣..# ♣♣≈P♣
###.######..###.o.# ♣≈≈♣♣
### #..#####.## ♣P≈♣ #
#.........♣ ♣♣♣.≈♣♣♣♣ ♣
##.######..♣♣♣≈P.≈≈P≈♣♣♣
###...#####...≈≈.≈≈≈.≈≈≈≈.
#...#.....#.#♣♣♣♣P≈≈.≈♣♣♣≈
#.#...###.#.#♣♣♣♣♣P≈♣♣♣ ♣♣
#.##.## #.#....♣ ♣♣.♣ #♣#


You could see an orc priest and a friendly spectral long sword.

Vanquished Creatures
  Eustachio (D:6)
  An ice beast (D:5)
  An orc warrior (D:5)
  An ogre (D:4)
  The ghost of MTVSty1e the Ruffian, an amateur DrTm (D:4)
  Blork the orc (D:4)
  A scorpion (D:4)
  A howler monkey (D:3)
  A bullfrog zombie (D:5)
  A centaur zombie (D:6)
  A crimson imp (D:5)
  A hound (D:5)
  An orc wizard (D:6)
  A bullfrog skeleton (D:5)
  Ijyb (D:4)
  Terence (D:3)
  Natasha (thrice) (D:2)
  3 big kobold zombies (Ossuary)
  A hound zombie (D:5)
  A hound skeleton (D:4)
  2 mummies (Ossuary)
  A worker ant zombie (D:5)
  3 gnolls (D:4)
  9 adders
  A shadow imp (D:5)
  5 adder zombies (Ossuary)
  An ooze (D:5)
  A worm (D:2)
  An adder skeleton (D:5)
  3 dart slugs
  9 leopard geckos
  11 orcs
  4 ball pythons
  8 bats
  4 giant cockroaches
  2 gnoll zombies (Ossuary)
  10 goblins
  14 hobgoblins
  11 jackals
  4 quokkas
  4 frilled lizards
  A goblin zombie (D:6)
  4 hobgoblin zombies (Ossuary)
  6 kobolds
  5 kobold zombies (Ossuary)
  A leopard gecko skeleton (D:3)
  8 orc zombies (Ossuary)
  A quokka zombie (D:6)
  5 rats
163 creatures vanquished.

Vanquished Creatures (others)
  2 spectral weapons
2 creatures vanquished.

Grand Total: 165 creatures vanquished

Notes
Turn   | Place    | Note
-------+----------+-------------------------------------------
     0 | D:1      | Mesmaeker13 the Human Skald began the quest for the Orb.
     0 | D:1      | Reached XP level 1. HP: 16/16 MP: 3/3
    71 | D:1      | Reached XP level 2. HP: 18/22 MP: 0/5
   494 | D:2      | Reached XP level 3. HP: 14/27 MP: 0/6
   947 | D:2      | Reached XP level 4. HP: 8/33 MP: 0/7
  1267 | D:2      | Learned a level 2 spell: Shroud of Golubria
  1585 | D:2      | Noticed Natasha
  1590 | D:2      | Killed Natasha
  1590 | D:2      | Reached XP level 5. HP: 34/38 MP: 3/8
  1628 | D:2      | Reached skill level 1 in Translocations
  1888 | D:2      | Noticed Natasha
  1895 | D:2      | Killed Natasha
  1895 | D:2      | Reached skill level 4 in Charms
  1907 | D:2      | Noticed Natasha
  1914 | D:2      | Killed Natasha
  2428 | D:3      | Noticed Terence
  2455 | D:3      | Killed Terence
  2455 | D:3      | Reached XP level 6. HP: 17/44 MP: 5/9
  2919 | D:3      | Learned a level 3 spell: Spectral Weapon
  3032 | D:3      | Found a shimmering altar of Xom.
  3112 | D:4      | Noticed MTVSty1e's ghost (amateur DrTm)
  3115 | D:4      | Noticed Ijyb
  3166 | D:4      | Noticed Blork the orc
  3409 | D:4      | Reached skill level 1 in Hexes
  3433 | D:4      | Killed Ijyb
  3655 | D:4      | Killed MTVSty1e's ghost
  3655 | D:4      | Reached XP level 7. HP: 47/50 MP: 1/10
  3793 | D:4      | Killed Blork the orc
  3794 | D:4      | Found a staircase to the Ecumenical Temple.
  4115 | Temple   | Entered the Ecumenical Temple
  4156 | Temple   | Became a worshipper of Warmaster Okawaru
  4584 | D:4      | Found a glowing silver altar of Zin.
  4618 | D:5      | Entered Level 5 of the Dungeon
  4698 | D:5      | Found a glowing silver altar of Zin.
  4731 | D:5      | Reached skill level 5 in Charms
  4742 | D:5      | Learned a level 3 spell: Regeneration
  4962 | D:5      | Reached XP level 8. HP: 15/56 MP: 3/11
  5825 | D:6      | Noticed Eustachio
  5848 | D:6      | Killed Eustachio
  5848 | D:6      | Reached * piety under Okawaru
  5848 | D:6      | Reached skill level 5 in Long Blades
  5848 | D:6      | Reached skill level 5 in Dodging
  5858 | D:6      | Found a sand-covered staircase.
  5866 | Ossuary  | Entered an ossuary
  6664 | D:5      | Reached skill level 6 in Charms
  7051 | D:6      | Noticed Edmund
  7479 | D:5      | Killed from afar by an orc priest

Skill      XL: |  1  2  3  4  5  6  7  8 |
---------------+-------------------------+-----
Long Blades    | 3 4 5 |  5.4
Dodging        | 3 4 5 |  5.5
Translocations | 1 2 |  2.0
Charms         | 4 5 6 |  6.0
Hexes          | 1 2 4 |  4.2
Fighting       | |  2.0
Armour         | |  1.0
Spellcasting   | |  2.0

Action                   |  1- 3 |  4- 6 |  7- 9 || total
-------------------------+-------+-------+-------++-------
Melee: Falchion          |    72 |   236 |   146 ||   454
       Long sword        |       |       |   140 ||   140
Throw: Tomahawk          |     4 |     5 |       ||     9
 Cast: Infusion          |    10 |    17 |     7 ||    34
       Shroud of Golubri |       |     4 |    23 ||    27
       Spectral Weapon   |       |     3 |    16 ||    19
       Regeneration      |       |       |     4 ||     4
Invok: Heroism           |       |       |     1 ||     1
Evoke: Wand              |       |       |     2 ||     2
  Use: Scroll            |       |     2 |     3 ||     5
       Potion            |       |     1 |     2 ||     3
 Stab: Sleeping          |       |     5 |     3 ||     8
       Distracted        |       |       |     3 ||     3
  Eat: Chunk             |       |    10 |    10 ||    20
       Fruit             |       |       |     7 ||     7
       Bread ration      |       |       |     1 ||     1
Armor: Leather armour    |    18 |    52 |    47 ||   117
       Skin              |       |       |     2 ||     2
Dodge: Dodged            |    41 |   140 |   160 ||   341
Block: Other             |       |    38 |    50 ||    88
       Rpst.: Falchion   |    19 |    40 |    28 ||    87
       Long sword        |       |       |    30 ||    30
